 Dungeon Crawl Stone Soup version 0.18.1-50-g88ac8fd (webtiles) character file.

1859 Kwzr the Vexing (level 9, 0/68 HPs)
             Began as a Formicid Arcane Marksman on Oct 4, 2016.
             Was a Follower of Qazlal.
             Slain by an orc priest
             ... wielding a +0 short sword
              (1 damage)
             ... on level 5 of the Dungeon on Oct 20, 2016.
             The game lasted 00:41:58 (7135 turns).

Kwzr the Vexing (Formicid Arcane Marksman)          Turns: 7135, Time: 00:41:59

Health: 0/68       AC:  7    Str: 17    XL:     9   Next: 35%
Magic:  15/15      EV: 13    Int:  7    God:    Qazlal [*.....]
Gold:   303        SH:  1    Dex: 13    Spells: 4 memorised, 7 levels left

rFire  . . .     SeeInvis +     b - +2 scythe (flame)
rCold  + + .     Gourm    .     h - +1 leather armour
rNeg   . . .     Faith    .     (no shield)
rPois  +         Spirit   .     (helmet unavailable)
rElec  +         Dismiss  .     (no cloak)
rCorr  .         Reflect  .     v - +2 pair of gloves of the Garden {rElec rC++ Int-5 Stlth+}
SustAt .         Harm     .     (no boots)
MR     .....                    (no amulet)
Stlth  +++.......               A - ring of flight
                                t - ring of poison resistance

@: not resistant to hostile enchantments, fairly stealthy
A: permanent stasis, dig shafts and tunnels, four strong arms, antennae 3
a: Dig, Shaft Self, Renounce Religion, Evoke Flight


You were on level 5 of the Dungeon.
You worshipped Qazlal.
Qazlal was aware of your devotion.
You were not hungry.

You visited 2 branches of the dungeon, and saw 8 of its levels.
You also visited: Sewer.

You collected 303 gold pieces.

Inventory:

Hand Weapons
 a - a +0 hunting sling
 b - a +2 scythe of flaming (weapon)
 e - a +1 trident of venom
 m - a +0 dagger
Missiles
 d - 26 sling bullets
 l - 107 stones (quivered)
 x - 19 poisoned needles
Armour
 h - a +1 leather armour (worn)
 v - the +2 pair of gloves of the Garden (worn) {rElec rC++ Int-5 Stlth+}
   (You acquired it on level 6 of the Dungeon)

   It affects your intelligence (-5).
   It greatly protects you from cold.
   It insulates you from electricity.
   It makes you more stealthy.
Jewellery
 t - a ring of poison resistance (left hand)
 A - a ring of flight (right hand)
Scrolls
 g - 2 scrolls of immolation
 n - 2 scrolls of enchant armour
Potions
 j - 2 potions of flight
 k - a potion of agility {unknown}
 p - a potion of curing
 s - a potion of heal wounds
 u - 3 potions of magic {unknown}
 z - a potion of mutation {unknown}
Books
 c - a book of Debilitation

   Spells                             Type                      Level
   a - Corona                         Hexes                        1
   b - Slow                           Hexes                        2
   c - Gell's Gravitas                Hexes/Translocation          3
   d - Inner Flame                    Hexes/Fire                   3
   e - Cause Fear                     Hexes                        4
   f - Leda's Liquefaction            Hexes/Earth                  4
 r - a book of Party Tricks

   Spells                             Type                      Level
   a - Summon Butterflies             Summoning                    1
   b - Apportation                    Translocation                1
   c - Tukima's Dance                 Hexes                        3
   d - Alistair's Intoxication        Transmutation/Poison         5
   e - Invisibility                   Hexes                        6
Comestibles
 f - 6 bread rations
 i - 2 chunks of flesh
 o - 4 meat rations
 q - a slice of pizza


   Skills:
 + Level 5.1 Fighting
 - Level 4.0 Polearms
 + Level 5.6 Slings
 + Level 4.5 Dodging
 + Level 2.2 Stealth
 + Level 4.6 Spellcasting
 + Level 6.8 Hexes


You had 7 spell levels left.
You knew the following spells:

 Your Spells              Type           Power        Failure   Level  Hunger
a - Corona                Hex            ##.....      2%          1    #......
b - Slow                  Hex            ##......     4%          2    ###....
c - Cause Fear            Hex            ##........   28%         4    #####..
d - Tukima's Dance        Hex            ##......     10%         3    ###....


Dungeon Overview and Level Annotations

Branches:
Dungeon (7/15)             Temple (1/1) D:5

Altars:
Cheibriados
Dithmenos
Elyvilon
Fedhas
Kikubaaqudgha
Nemelex Xobeh
Okawaru
Pakellas
Qazlal
Sif Muna
Trog
Vehumet
Xom
Zin
The Shining One


Innate Abilities, Weirdness & Mutations

You are under a permanent stasis effect.
You can dig through walls and to a lower floor.
Your four strong arms can wield two-handed weapons with a shield.
You have a pair of large antennae on your head (SInv).


Message History

The orc priest mumbles some strange prayers to Beogh against you.
Pain shoots through your body! The orc misses you.
The orc priest barely misses you.
You hit the orc priest. You burn the orc priest.
The orc priest is moderately wounded.
The orc priest mumbles some strange prayers to Beogh against you.
Beogh smites you!
* * * LOW HITPOINT WARNING * * *
The orc hits you but does no damage. The orc priest closely misses you. x2
The orc misses you.
The orc priest invokes the aid of Beogh against you.
Beogh smites you!
* * * LOW HITPOINT WARNING * * *
You closely miss the orc priest.
The orc priest is heavily wounded.
The orc priest hits you but does no damage.
The orc hits you with a club.
* * * LOW HITPOINT WARNING * * *
The orc priest hits you with a short sword.
You die...

# #.# #<#.#.# ###.### #
#.###.#.#.# #...... ####
#.....#.#.# #.##### ...#
#######)#.########......
...#######.......#..........#####
...##..............########.#
...##.....................#.#
...##..............#..###.#.#
...##...........@..#..# #.#.#
...'@..........ooo.#..###.#.##
...##..............#..#......#
...##..............#..#...#..#
...##...o..........########..#
...##..............#.........#
#####..............#.#######.#
#..............#.#.......#
#........).....#.#.#######


You could see 2 orc priests and an orc.

Vanquished Creatures
  Sigmund (D:2)
  Edmund (D:5)
  Purgy (D:3)
  A phantom (D:4)
  3 ogres
  A centaur (D:6)
  A giant frog (D:6)
  A gnoll sergeant (D:5)
  A scorpion (D:6)
  4 wights (D:6)
  A howler monkey (D:4)
  A crimson imp (D:5)
  3 hounds (D:4)
  4 orc wizards
  2 orc priests
  3 worker ants
  A hound skeleton (D:5)
  9 gnolls
  8 adders
  An ooze (D:6)
  An adder skeleton (D:6)
  2 worms
  6 dart slugs
  3 giant geckos
  17 orcs
  5 bats
  11 giant cockroaches
  7 goblins
  7 hobgoblins
  3 jackals (D:6)
  7 kobolds
  5 quokkas
  6 ball pythons
  A giant gecko skeleton (D:4)
  4 giant newts
  A quokka zombie (D:6)
  28 rats
162 creatures vanquished.

Vanquished Creatures (others)
  3 dancing weapons (D:6)
3 creatures vanquished.

Grand Total: 165 creatures vanquished

Notes
Turn   | Place    | Note
--------------------------------------------------------------
     0 | D:1      | Kwzr the Formicid Arcane Marksman began the quest for the Orb.
     0 | D:1      | Reached XP level 1. HP: 15/15 MP: 2/2
   154 | D:1      | Reached skill level 4 in Hexes
   154 | D:1      | Reached XP level 2. HP: 20/21 MP: 3/3
   775 | D:1      | Reached XP level 3. HP: 17/26 MP: 2/5
  1219 | D:1      | Learned a level 2 spell: Slow
  1483 | D:2      | Reached XP level 4. HP: 29/32 MP: 1/7
  1543 | D:2      | Noticed Sigmund
  1686 | D:2      | Killed Sigmund
  1686 | D:2      | Reached skill level 1 in Polearms
  1686 | D:2      | Reached skill level 5 in Hexes
  1686 | D:2      | Reached XP level 5. HP: 28/39 MP: 6/8
  1686 | D:2      | Reached XP level 6. HP: 32/45 MP: 6/9
  2173 | D:3      | Found a blossoming altar of Fedhas.
  2217 | D:3      | Noticed Purgy
  2230 | D:3      | Killed Purgy
  2307 | D:3      | Found a glowing drain.
  2322 | Sewer    | Entered a sewer
  2579 | D:3      | Reached XP level 7. HP: 26/51 MP: 11/11
  3175 | D:4      | Found an oddly glowing altar of Pakellas.
  3324 | D:4      | HP: 2/52 [howler monkey (2)]
  3660 | D:4      | Learned a level 4 spell: Cause Fear
  3746 | D:4      | Reached XP level 8. HP: 55/59 MP: 8/13
  4474 | D:5      | Entered Level 5 of the Dungeon
  4691 | D:5      | Reached skill level 6 in Hexes
  4945 | D:5      | Noticed Edmund
  4958 | D:5      | You fall through a shaft!
  4958 | D:6      | Found a shadowy altar of Dithmenos.
  5287 | D:6      | Reached skill level 5 in Slings
  5300 | D:5      | Found a staircase to the Ecumenical Temple.
  5305 | Temple   | Entered the Ecumenical Temple
  5470 | Temple   | Became a worshipper of Qazlal Stormbringer
  5513 | D:6      | Learned a level 3 spell: Tukima's Dance
  5929 | D:6      | Identified a scroll of acquirement
  5930 | D:6      | Got a pair of warped gloves
  5936 | D:6      | Identified the +2 pair of gloves of the Garden {rElec rC++ Int-5 Stlth+} (You acquired it on level 6 of the Dungeon)
  6145 | D:6      | Reached XP level 9. HP: 66/66 MP: 13/15
  6329 | D:6      | Reached skill level 1 in Stealth
  6384 | D:6      | Found a deep blue altar of Sif Muna.
  6560 | D:7      | Reached * piety under Qazlal
  7094 | D:5      | Reached skill level 5 in Fighting
  7125 | D:5      | Killed Edmund
  7134 | D:5      | HP: 3/68 [orc priest/divine providence (16)]
  7135 | D:5      | HP: 1/68 [orc/club (2)]
  7135 | D:5      | Slain by an orc priest

Skill      XL: |  1  2  3  4  5  6  7  8  9 |
---------------+----------------------------+-----
Hexes          | 4 5 6 |  6.8
Dodging        | 2 3 4 |  4.5
Spellcasting   | 2 3 4 |  4.6
Fighting       | 2 3 4 5 |  5.1
Polearms       | 1 2 3 4 |  4.0
Slings         | 3 4 5 |  5.6
Stealth        | 2 |  2.2

Action                   |  1- 3 |  4- 6 |  7- 9 || total
-------------------------+-------+-------+-------++-------
Melee: Dagger            |    56 |       |       ||    56
       Spear             |    13 |     4 |       ||    17
       Scythe            |       |    75 |   238 ||   313
 Fire: Hunting sling     |    75 |    50 |    85 ||   210
Throw: Stone             |       |       |     3 ||     3
 Cast: Corona            |    22 |    14 |    75 ||   111
       Slow              |     1 |     1 |     8 ||    10
       Tukima's Dance    |       |       |     3 ||     3
 Abil: Dig               |       |       |     5 ||     5
       Shaft Self        |       |       |     1 ||     1
  Use: Scroll            |       |     2 |    10 ||    12
       Potion            |       |       |     7 ||     7
 Stab: Sleeping          |       |       |     1 ||     1
  Eat: Chunk             |     2 |     5 |    15 ||    22
       Pizza             |       |       |     1 ||     1
       Fruit             |       |       |     1 ||     1
Armor: Robe              |     3 |       |       ||     3
       Leather armour    |    35 |    54 |    67 ||   156
Dodge: Dodged            |    65 |    85 |   219 ||   369
Block: Other             |       |       |     4 ||     4
